 Dungeon Crawl Stone Soup version 0.17.1-1-g73c8601 (webtiles) character file.

181 Opium the Firebug (level 5, -2/28 HPs)
             Began as a Gargoyle Fire Elementalist on Dec 24, 2015.
             Killed from afar by an orc wizard (9 damage)
             ... with a puff of frost
             ... on level 3 of the Dungeon.
             The game lasted 00:20:08 (3786 turns).

Opium the Firebug (Gargoyle Fire Elementalist)      Turns: 3786, Time: 00:20:08

Health: -2/28      AC:  7    Str: 12    XL:     5   Next: 61%
Magic:  0/9        EV: 12    Int: 16    God:
Gold:   134        SH:  0    Dex: 10    Spells: 2 memorised, 6 levels left

rFire  . . .     SeeInvis .     g - +0 spear
rCold  . . .     Clarity  .     a - +0 robe
rNeg   + . .     SustAt   +     (no shield)
rPois  ∞         Gourm    .     (no helmet)
rElec  +         Spirit   .     (no cloak)
rCorr  .         Warding  .     p - +0 pair of gloves
rMut   .         Stasis   .     (no boots)
MR     .....                    (no amulet)
Stlth  ++........               f - ring of sustain attributes
                                e - ring of wizardry

@: not resistant to hostile enchantments, unstealthy
A: negative energy resistance 1, electricity resistance, unbreathing,
petrification resistance, rot immunity, AC +4
a: no special abilities


You were on level 3 of the Dungeon.
You were not hungry.

You visited 1 branch of the dungeon, and saw 3 of its levels.

You collected 134 gold pieces.

Inventory:

Hand Weapons
 g - a +0 spear (weapon)
Armour
 a - a +0 robe (worn)
 p - a +0 pair of gloves (worn)
Jewellery
 e - a ring of wizardry (left hand)
 f - a ring of sustain attributes (right hand)
 i - a cursed -3 ring of slaying {unknown}
 l - an uncursed ring of protection from fire
Wands
 h - a wand of confusion (19)
Scrolls
 d - a scroll of fog
 k - a scroll of teleportation {unknown}
 o - 2 scrolls of magic mapping {unknown}
 q - a scroll of random uselessness {unknown}
 r - 2 scrolls of fear {unknown}
 s - 2 scrolls of recharging {unknown}
 v - a scroll of remove curse
Potions
 j - a potion of agility {unknown}
 m - a potion of resistance {unknown}
 u - a potion of heal wounds {unknown}
 w - a potion of curing {unknown}
Books
 b - a book of Flames

   Spells                             Type                      Level
   a - Flame Tongue                   Conjuration/Fire             1
   b - Throw Flame                    Conjuration/Fire             2
   c - Conjure Flame                  Conjuration/Fire             3
   d - Inner Flame                    Hexes/Fire                   3
   e - Sticky Flame                   Conjuration/Fire             4
   f - Fireball                       Conjuration/Fire             5
Comestibles
 c - 4 bread rations
 n - 3 meat rations
 t - a beef jerky


   Skills:
 + Level 0.4 Fighting
 + Level 0.3 Polearms
 * Level 2.1 Dodging
 + Level 2.7 Stealth
 * Level 3.0 Spellcasting
 * Level 2.0 Conjurations
 * Level 1.2 Hexes
 * Level 4.1 Fire Magic


You had 6 spell levels left.
You knew the following spells:

 Your Spells              Type           Power        Failure   Level  Hunger
a - Flame Tongue          Conj/Fire      ##...        3%          1    #......
b - Inner Flame           Hex/Fire       ##......     9%          3    ###....


Dungeon Overview and Level Annotations

Branches:
Dungeon (3/15)

Altars:


Innate Abilities, Weirdness & Mutations

You are resistant to torment.
Your stone body is resilient (AC +4).
You are immune to poison.
You resist negative energy.
You are resistant to electric shocks.
You can survive without breathing.
You are immune to petrification.
You are immune to rotting.


Message History

Aim: an orc (severely wounded)
The flame tongue hits something.
You hear some strange, mumbled words.
A magic dart appears from out of thin air!
The magic dart hits you! Something hits you but does no damage.
Casting: Flame Tongue
Confirm with . or Enter, or press ? or * to list all spells.
Aiming: Flame Tongue
Press: ? - help, Shift-Dir - straight line, f/p - orc
Aim: an orc (severely wounded)
The flame tongue hits something.
An orc wizard appears from thin air!
Reactivating autopickup.
The orc wizard hits you but does no damage.
The orc wizard points at you and mumbles some strange words.
The puff of flame hits you!
* * * LOW HITPOINT WARNING * * *
The orc wizard gestures at you while chanting.
The puff of frost hits you!
You die...

#.# #.# #.# ######.## #.# #..
........# #.# #.# ≈≈≈≈....# #.#
#.. ≈≈#≈....######.###########
#.# #≈#≈.)...........#..g....#
#.## ≈≈#≈......# #.#@#.####.##
##.###
≈≈≈≈......####.#.#.####.####..#.#
....)†.).......o.............#.⌠.
#####.##..####.#.#.####.#.##..#.#
#...................#)#....#.
####..#.##.#.#.######.#.#.###
#..#.##.#.#.# #..<..W..#.
#######..#.##.#.#.####.#.#%..#.#
.......>....................#.⌠.


You could see an orc wizard.

Vanquished Creatures
  The ghost of antares the Magician, a weakling DEWz (D:3)
  A worker ant (D:3)
  3 adders
  3 oozes
  2 worms
  4 giant geckos
  2 orcs (D:3)
  8 bats
  5 giant cockroaches
  10 goblins
  14 hobgoblins
  4 jackals (D:2)
  8 kobolds
  2 ball pythons
  2 giant newts
  9 rats
78 creatures vanquished.

Notes
Turn   | Place    | Note
--------------------------------------------------------------
     0 | D:1      | Opium the Gargoyle Fire Elementalist began the quest for the Orb.
     0 | D:1      | Reached XP level 1. HP: 10/10 MP: 3/3
   354 | D:1      | Reached XP level 2. HP: 4/15 MP: 1/5
  1085 | D:1      | Reached XP level 3. HP: 19/19 MP: 2/6
  1142 | D:1      | Learned a level 3 spell: Inner Flame
  2174 | D:2      | Reached XP level 4. HP: 24/24 MP: 2/7
  2585 | D:2      | Reached skill level 1 in Hexes
  2801 | D:3      | Noticed antares's ghost (weakling DEWz)
  2897 | D:3      | HP: 1/24 [antares's ghost/magic dart (7)]
  3333 | D:3      | Killed antares's ghost
  3333 | D:3      | Reached skill level 4 in Fire Magic
  3333 | D:3      | Reached XP level 5. HP: 18/28 MP: 1/9
  3786 | D:3      | Killed from afar by an orc wizard

Action                   |  1- 3 |  4- 6 || total
-------------------------+-------+-------++-------
Melee: Unarmed           |     6 |       ||     6
       Club              |     5 |       ||     5
       Spear             |    43 |    48 ||    91
 Cast: Flame Tongue      |    72 |    67 ||   139
       Inner Flame       |     1 |     2 ||     3
Evoke: Wand              |       |     1 ||     1
  Use: Scroll            |     7 |     1 ||     8
       Potion            |       |     1 ||     1
 Stab: Sleeping          |     1 |     1 ||     2
  Eat: Chunk             |     3 |     2 ||     5
       Fruit             |     2 |     1 ||     3
       Bread ration      |       |     1 ||     1
